 Dungeon Crawl Stone Soup version 0.23.2-33-g5129a83184 (webtiles) character file.

Game seed: 10158591037870845225

940 Descartes the Grasshopper (level 8, -5/61 (63) HPs)
             Began as a Gnoll Warper on June 29, 2019.
             Slain by an ogre
             ... wielding a +0 giant club
              (14 damage)
             ... on level 5 of the Dungeon.
             The game lasted 00:13:27 (5921 turns).

Descartes the Grasshopper (Gnoll Warper)            Turns: 5921, Time: 00:13:28

HP:   -5/61 (63)    AC: 11    Str: 16    XL:     8   Next: 12%
MP:   16/16         EV:  2    Int: 18    God:
Gold: 328           SH: 13    Dex: 15    Spells: 11/18 levels left

rFire    . . .     SeeInvis +   a - +0 falchion
rCold    . . .     Gourm    .   x - +0 large shield
rNeg     . . .     Faith    .   E - +0 plate armour
rPois    .         Spirit   .   (no helmet)
rElec    .         Reflect  .   (no cloak)
rCorr    .         Harm     .   (no gloves)
MR       ++...                  (no boots)
Stlth    ..........             p - amulet of rage
HPRegen  0.20/turn              B - ring of see invisible
MPRegen  0.15/turn              G - ring of the Mage {Wiz MR++ Int+3}

@: no status effects
A: distributed training, fangs 1, strong nose
a: Evoke Berserk Rage


You were on level 5 of the Dungeon.
You were not hungry.

You visited 1 branch of the dungeon, and saw 5 of its levels.
You also visited: Sewer.

You collected 328 gold pieces.

Inventory:

Hand Weapons
 a - a +0 falchion (weapon)
 h - a +0 mace
 w - a +0 flail of protection
Missiles
 e - 5 tomahawks of dispersal (quivered)
 n - 80 stones
 o - 7 needles of confusion
 u - 5 tomahawks
Armour
 b - a +0 leather armour
 k - a +1 robe of magic resistance
 x - a +0 large shield (worn)
 E - a +0 plate armour (worn)
Jewellery
 p - an amulet of rage (around neck)
 q - an uncursed ring of stealth
 B - a ring of see invisible (left hand)
 G - the ring of the Mage (right hand) {Wiz MR++ Int+3}
   (You took it off an orc on level 4 of the Dungeon)

   [ring of wizardry]

   It improves your spell success rate.
   It affects your intelligence (+3).
   It affects your resistance to hostile enchantments.
Wands
 r - a wand of digging (3)
 y - a wand of iceblast (10)
 J - a wand of paralysis (3)
Scrolls
 d - 3 scrolls of blinking
 g - 2 scrolls of fog
 l - a scroll of fear
 v - 2 scrolls of teleportation
 I - a scroll of amnesia {unknown}
Potions
 c - 3 potions of flight
 i - 3 potions of curing
 j - a potion of might
 m - a potion of lignification
 s - a potion of ambrosia {unknown}
 t - 2 potions of magic {unknown}
 A - 3 potions of heal wounds
 C - a potion of brilliance {unknown}
 D - a potion of cancellation {unknown}
Comestibles
 f - 5 rations


   Skills:
 + Level 5.4 Fighting
 + Level 2.9 Short Blades
 + Level 5.4 Long Blades
 + Level 2.9 Axes
 + Level 2.9 Maces & Flails
 + Level 2.9 Polearms
 + Level 2.9 Staves
 + Level 2.9 Slings
 + Level 2.9 Bows
 + Level 2.9 Crossbows
 + Level 3.9 Throwing
 + Level 3.9 Armour
 + Level 5.4 Dodging
 + Level 2.9 Stealth
 + Level 2.9 Shields
 + Level 2.9 Unarmed Combat
 + Level 5.8 Spellcasting
 + Level 2.3 Conjurations
 + Level 2.3 Hexes
 + Level 2.3 Charms
 + Level 2.3 Summonings
 + Level 2.3 Necromancy
 + Level 6.0 Translocations
 + Level 2.3 Transmutations
 + Level 2.3 Fire Magic
 + Level 2.3 Ice Magic
 + Level 2.3 Air Magic
 + Level 2.3 Earth Magic
 + Level 2.3 Poison Magic
 + Level 3.2 Invocations
 + Level 2.9 Evocations


You had 11 spell levels left.
You knew the following spells:

 Your Spells              Type           Power        Failure   Level  Hunger
a - Blink                 Tloc           N/A          99%         2    None
b - Shroud of Golubria    Chrm/Tloc      ###.......   100%        2    None
c - Teleport Other        Tloc           ####....     100%        3    ##.....

Your spell library contained the following spells:

 Spells                   Type           Power        Failure   Level  Hunger
 Summon Small Mammal      Summ           ##..         100%        1    None
 Call Imp                 Summ           ##......     100%        2    None
 Call Canine Familiar     Summ           ##......     100%        3    ##.....
 Gell's Gravitas          Tloc           ####......   100%        3    ##.....
 Lesser Beckoning         Tloc           ####......   100%        3    ##.....
 Summon Guardian Golem    Hex/Summ       ##......     100%        3    ##.....
 Passage of Golubria      Tloc           N/A          100%        4    ####...
 Summon Ice Beast         Ice/Summ       ##......     100%        4    ####...
 Summon Lightning Spire   Summ/Air       ##......     100%        4    ####...


Dungeon Overview and Level Annotations

Branches:
Dungeon (5/15)
 Temple: D:4-7

Altars:
Makhleb
Nemelex Xobeh
Ru
Zin


Innate Abilities, Weirdness & Mutations

Your experience applies equally to all skills.
You have very sharp teeth.
Your uncanny sense of smell can sniff out nearby items.


Message History

Your bite misses the ogre.
The ogre is heavily wounded.
You block the ogre's attack.
You hit the ogre.
The ogre is heavily wounded.
You block the ogre's attack.
Your shield and plate armour prevent you from hitting the ogre.
The ogre is heavily wounded.
You block the ogre's attack.
You hit the ogre. You bite the ogre.
The ogre is almost dead.
You block the ogre's attack.
You hit the ogre but do no damage.
The ogre is almost dead.
The ogre hits you with a +0 giant club!!
* * * LOW HITPOINT WARNING * * *
You hit the ogre but do no damage.
The ogre is almost dead.
The ogre hits you with a +0 giant club!
You die...

....# #..#. #.####.#
....# #..#. #.# #.#
.##.# #....###.# #.#
.##.########......#O#
#.#
...............>....#
#O#
..#...###############
#O# ..#...#..
.....)..# #.#
###...#.#
#########.####.# #
#...#.#
#....O@..<.....# #
#...#)#
#.############## #
#...#.# # #...#(#
#...#(# #...#O#
#...#(# ###...#(#
......(.#


You could see an ogre.

Vanquished Creatures
  Sigmund (D:4)
  A necrophage (D:5)
  An ogre (D:4)
  A centaur (D:5)
  A big kobold (Sewer)
  A scorpion (D:4)
  An orc priest (D:3)
  3 hounds
  2 iguanas
  A worker ant (D:4)
  A hound skeleton (D:5)
  5 adders
  3 gnolls (D:3)
  A river rat (Sewer)
  3 oozes
  2 adder skeletons
  A worm (D:2)
  2 dart slugs (D:1)
  A leopard gecko (D:4)
  12 orcs
  4 ball pythons
  9 bats
  7 giant cockroaches
  7 hobgoblins
  9 jackals
  2 quokkas
  3 frilled lizards
  4 goblins
  9 kobolds
  A leopard gecko zombie (D:5)
  8 rats
107 creatures vanquished.

Notes
Turn   | Place    | Note
-------+----------+-------------------------------------------
     0 | D:1      | Descartes the Gnoll Warper began the quest for the Orb.
     0 | D:1      | Reached XP level 1. HP: 20/20 MP: 6/6
    24 | D:1      | Reached XP level 2. HP: 26/26 MP: 7/7
   211 | D:1      | Learned a level 2 spell: Blink
   300 | D:1      | Reached XP level 3. HP: 31/31 MP: 9/9
   495 | D:1      | Reached skill level 5 in Spellcasting
   712 | D:2      | Reached skill level 1 in Invocations
  1233 | D:2      | Reached skill level 1 in Short Blades
  1233 | D:2      | Reached skill level 1 in Axes
  1233 | D:2      | Reached skill level 1 in Maces & Flails
  1233 | D:2      | Reached skill level 1 in Polearms
  1233 | D:2      | Reached skill level 1 in Staves
  1233 | D:2      | Reached skill level 1 in Slings
  1233 | D:2      | Reached skill level 1 in Bows
  1233 | D:2      | Reached skill level 1 in Crossbows
  1233 | D:2      | Reached skill level 1 in Stealth
  1233 | D:2      | Reached skill level 1 in Shields
  1233 | D:2      | Reached skill level 1 in Unarmed Combat
  1233 | D:2      | Reached skill level 1 in Evocations
  1428 | D:2      | Reached XP level 4. HP: 37/38 MP: 11/11
  1515 | D:3      | Found a sacrificial altar of Ru.
  1693 | D:3      | Reached skill level 1 in Conjurations
  1693 | D:3      | Reached skill level 1 in Hexes
  1693 | D:3      | Reached skill level 1 in Charms
  1693 | D:3      | Reached skill level 1 in Summonings
  1693 | D:3      | Reached skill level 1 in Necromancy
  1693 | D:3      | Reached skill level 1 in Transmutations
  1693 | D:3      | Reached skill level 1 in Fire Magic
  1693 | D:3      | Reached skill level 1 in Ice Magic
  1693 | D:3      | Reached skill level 1 in Air Magic
  1693 | D:3      | Reached skill level 1 in Earth Magic
  1693 | D:3      | Reached skill level 1 in Poison Magic
  1705 | D:3      | Reached XP level 5. HP: 11/43 MP: 12/12
  1719 | D:3      | HP: 2/43 [orc/+0 short sword (1)]
  2190 | D:3      | Learned a level 2 spell: Shroud of Golubria
  2194 | D:3      | Learned a level 3 spell: Teleport Other
  2815 | D:4      | Reached XP level 6. HP: 28/50 MP: 13/13
  2914 | D:4      | Found a glowing drain.
  2918 | Sewer    | Entered a sewer
  3298 | Sewer    | Reached skill level 5 in Fighting
  3298 | Sewer    | Reached skill level 5 in Long Blades
  3298 | Sewer    | Reached skill level 5 in Dodging
  3394 | Sewer    | Found a white marble altar of Elyvilon.
  3569 | D:4      | Found a sparkling altar of Nemelex Xobeh.
  3987 | D:4      | Reached XP level 7. HP: 23/56 MP: 15/15
  4326 | D:4      | Found a burning altar of Makhleb.
  4623 | D:4      | Noticed Sigmund
  4652 | D:4      | Killed Sigmund
  4875 | D:5      | Entered Level 5 of the Dungeon
  5351 | D:5      | Found a glowing silver altar of Zin.
  5396 | D:5      | Reached XP level 8. HP: 34/61 MP: 16/16
  5608 | D:5      | Reached skill level 6 in Translocations
  5921 | D:5      | Slain by an ogre

Skill      XL: |  1  2  3  4  5  6  7  8 |
---------------+-------------------------+-----
Spellcasting   | 5 |  5.8
Invocations    | 1 2 3 |  3.2
Short Blades   | 1 2 |  2.9
Axes           | 1 2 |  2.9
Maces & Flails | 1 2 |  2.9
Polearms       | 1 2 |  2.9
Staves         | 1 2 |  2.9
Slings         | 1 2 |  2.9
Bows           | 1 2 |  2.9
Crossbows      | 1 2 |  2.9
Stealth        | 1 2 |  2.9
Shields        | 1 2 |  2.9
Unarmed Combat | 1 2 |  2.9
Evocations     | 1 2 |  2.9
Conjurations   | 1 2 |  2.3
Hexes          | 1 2 |  2.3
Charms         | 1 2 |  2.3
Summonings     | 1 2 |  2.3
Necromancy     | 1 2 |  2.3
Transmutations | 1 2 |  2.3
Fire Magic     | 1 2 |  2.3
Ice Magic      | 1 2 |  2.3
Air Magic      | 1 2 |  2.3
Earth Magic    | 1 2 |  2.3
Poison Magic   | 1 2 |  2.3
Throwing       | 3 |  3.9
Armour         | 3 |  3.9
Fighting       | 5 |  5.4
Long Blades    | 5 |  5.4
Dodging        | 5 |  5.4
Translocations | 6 |  6.0

Action                   |  1- 3 |  4- 6 |  7- 9 || total
-------------------------+-------+-------+-------++-------
Melee: Falchion          |    93 |   275 |   196 ||   564
       Bite              |    10 |    30 |    29 ||    69
 Cast: Blink             |     2 |       |       ||     2
  Use: Potion            |       |     1 |       ||     1
       Scroll            |       |    11 |       ||    11
 Stab: Paralysed         |       |     4 |       ||     4
       Sleeping          |       |     4 |       ||     4
       Distracted        |       |     1 |       ||     1
  Eat: Chunk             |     2 |     9 |     3 ||    14
       Ration            |       |       |     1 ||     1
Armor: Leather armour    |     5 |       |       ||     5
       Scale mail        |    26 |    89 |       ||   115
       Plate armour      |       |    11 |    99 ||   110
Dodge: Dodged            |    66 |   114 |     5 ||   185
Block: Large shield      |       |   126 |   111 ||   237
       Rpst.: Falchion   |    19 |    38 |     1 ||    58
